 Dungeon Crawl Stone Soup version 0.30-a0-830-gfe289a77b0 (webtiles) character file.

Game seed: 1325459572072085590

512 Nacht the Digger (level 6, 0/41 HPs)
             Began as a Demonspawn Earth Elementalist on Feb 28, 2023.
             Slain by Pikel
             ... wielding a +2 whip of freezing
              (4 damage)
             ... on level 4 of the Dungeon.
             The game lasted 00:04:37 (4260 turns).

Nacht the Digger (Demonspawn Earth Elementalist)    Turns: 4260, Time: 00:04:38

Health: 0/41       AC:  2    Str:  8    XL:     6   Next: 99%
Magic:  0/11       EV: 12    Int: 18    God:
Gold:   157        SH:  0    Dex: 14    Spells: 6/12 levels left

rFire   . . .      SeeInvis .    f - +1 dagger (venom)
rCold   . . .      Faith    .    (no shield)
rNeg    . . .      Spirit   .    a - +0 robe
rPois   .          Reflect  .    (no helmet)
rElec   .          Harm     .    (no cloak)
rCorr   .          Rampage  .    (no gloves)
Will    .....                    (no boots)
Stlth   ++                       (no amulet)
HPRegen 0.26/turn                (no ring)
MPRegen 0.24/turn                (no ring)

@: very slightly contaminated
A: spiny 1, magic regeneration
a: no special abilities


You were on level 4 of the Dungeon.
You visited 1 branch of the dungeon, and saw 4 of its levels.

You collected 157 gold pieces.

Inventory:

Hand Weapons
 f - a +1 dagger of venom (weapon)
Missiles
 r - 2 poisoned darts
Armour
 a - a +0 robe (worn)
Scrolls
 b - a scroll of vulnerability {unknown}
 d - a scroll of brand weapon {unknown}
 g - 3 scrolls of identify {unknown}
 h - a scroll of butterflies {unknown}
 i - a scroll of fog {unknown}
 k - a scroll of torment {unknown}
 n - 2 scrolls of teleportation {unknown}
 q - a scroll of blinking {unknown}
Potions
 c - a potion of attraction {unknown}
 e - 3 potions of ambrosia {unknown}
 j - a potion of might {unknown}
 l - 3 potions of haste {unknown}
 m - a potion of curing {unknown}
 o - a potion of brilliance {unknown}
 p - a potion of heal wounds {unknown}


   Skills:
 - Level 1.7 Dodging
 - Level 1.7 Stealth
 + Level 3.5 Spellcasting
 * Level 4.4 Conjurations
 - Level 0.8 Transmutations
 + Level 4.9 Earth Magic


You had 6 spell levels left.
You knew the following spells:

 Your Spells              Type           Power      Damage    Failure   Level
a - Sandblast             Erth           42%        2d11      1%          1
b - Stone Arrow           Conj/Erth      40%        3d9       7%          3
w - Passwall              Tmut/Erth      10%        N/A       7%          2

Your spell library contained the following spells:

 Spells                   Type           Power      Damage    Failure   Level
 Necrotise                Necr           12%        1d4       16%         1
 Vampiric Draining        Necr           3%         2d6       43%         3
 Petrify                  Tmut/Erth      13%        N/A       43%         4
 Agony                    Necr           3%         N/A       99%         5


Dungeon Overview and Level Annotations

Branches:
Dungeon (4/15)             Temple (0/1) D:4

Altars:
Cheibriados
Gozag
Makhleb
Qazlal
Sif Muna

Annotations:
D:3 1 runed translucent door, Crazy Yiuf
D:4 Pikel


Innate Abilities, Weirdness & Mutations

You are partially covered in sharp spines.
You regenerate magic rapidly.


Message History

Pikel freezes you.
Casting: Stone Arrow (dangerous; 7% risk of failure)
Confirm with . or Enter, or press ? or * to list all spells.
Aiming: Stone Arrow (dangerous; 7% risk of failure)
Press: ? - help, Shift-Dir - straight line, f/p - Pikel
Aim: Pikel, wielding a +2 whip of freezing and wearing a +0 robe (heavily wounded, 64% to hit)
The stone arrow hits Pikel!
Pikel is almost dead.
Pikel hits you with a +2 whip of freezing.
Pikel freezes you.
* * * LOW HITPOINT WARNING * * *
Casting: Stone Arrow (dangerous; 7% risk of failure)
Confirm with . or Enter, or press ? or * to list all spells.
Aiming: Stone Arrow (dangerous; 7% risk of failure)
Press: ? - help, Shift-Dir - straight line, f/p - Pikel
Aim: Pikel, wielding a +2 whip of freezing and wearing a +0 robe (severely wounded, 64% to hit)
You miscast Stone Arrow.
You are very lightly contaminated with residual magic.
Nothing appears to happen.
The lemure shouts!
Pikel is struck by your spines. Pikel barely misses you.
Casting: Stone Arrow (dangerous; 7% risk of failure)
Confirm with . or Enter, or press ? or * to list all spells.
Aiming: Sandblast (safe; 1% risk of failure)
Press: ? - help, Shift-Dir - straight line, f/p - Pikel
Aim: Pikel, wielding a +2 whip of freezing and wearing a +0 robe (almost dead, 79% to hit)
The blast of sand hits Pikel but does no damage.
Pikel is almost dead.
Pikel hits you with a +2 whip of freezing!
* * * LOW HITPOINT WARNING * * *
Pikel freezes you.
* * * LOW HITPOINT WARNING * * *
Casting: Sandblast (safe; 1% risk of failure)
Confirm with . or Enter, or press ? or * to list all spells.
Aiming: Sandblast (safe; 1% risk of failure)
Press: ? - help, Shift-Dir - straight line, f/p - Pikel
Aim: Pikel, wielding a +2 whip of freezing and wearing a +0 robe (almost dead, 79% to hit)
The blast of sand misses Pikel.
Pikel is struck by your spines.
Pikel hits you with a +2 whip of freezing.
You die...

#.####...........
####..............#. .
##..........########.
.. '.......5..'......#
?..##.........÷######.#
...........÷.#####
#.....5.........#
#....K..........#
#...@5........5.#
#...†...........##+#.
#...............g?...
##..............5....
####................
#.........!......
.........##.....
......... #..... ......
#.....


You could see Pikel and 3 lemures.

Vanquished Creatures
  Sigmund (D:2)
  A lemure (D:4)
  A phantom (D:4)
  2 scorpions (D:4)
  Jessica (D:2)
  2 adders
  2 ufetubi (D:4)
  A worm (D:2)
  2 dart slugs (D:2)
  7 orcs
  5 bats
  12 endoplasms
  6 goblins
  6 hobgoblins
  5 jackals
  10 kobolds
  5 quokkas
  8 ball pythons
  9 frilled lizards
  7 rats
93 creatures vanquished.

Vanquished Creatures (others)
  4 demonic plants (D:4)
4 creatures vanquished.

Grand Total: 97 creatures vanquished

Notes
Turn   | Place    | Note
-------+----------+-------------------------------------------
     0 | D:1      | Nacht the Demonspawn Earth Elementalist began the quest for
                  | the Orb.
     0 | D:1      | Reached XP level 1. HP: 13/13 MP: 3/3
   172 | D:1      | Gained mutation: You regenerate magic rapidly. [demonic
                  | ancestry]
   172 | D:1      | Reached XP level 2. HP: 19/19 MP: 0/5
   296 | D:1      | Learned a level 2 spell: Passwall
   533 | D:1      | Reached XP level 3. HP: 21/24 MP: 2/6
   783 | D:1      | Learned a level 3 spell: Stone Arrow
   958 | D:2      | Noticed Jessica
   958 | D:2      | Noticed Sigmund
  1193 | D:2      | Killed Jessica
  1194 | D:2      | Reached skill level 1 in Conjurations
  1194 | D:2      | Reached XP level 4. HP: 30/30 MP: 4/7
  1587 | D:2      | Found a shimmering blue altar of Sif Muna.
  1769 | D:3      | Found a snail-covered altar of Cheibriados.
  1776 | D:3      | Found a stormy altar of Qazlal.
  1776 | D:3      | Found a burning altar of Makhleb.
  1777 | D:3      | Found an opulent altar of Gozag.
  2464 | D:3      | Found a runed translucent door.
  2465 | D:3      | Noticed Crazy Yiuf
  2514 | D:3      | Found a faded altar of an unknown god.
  2630 | D:4      | Gained mutation: You are partially covered in sharp spines.
                  | [demonic ancestry]
  2630 | D:4      | Reached XP level 5. HP: 18/35 MP: 6/8
  2861 | D:4      | Noticed a phantom
  2946 | D:2      | Killed Sigmund
  2947 | D:2      | Reached XP level 6. HP: 13/41 MP: 1/10
  3454 | D:2      | Found a shimmering blue altar of Sif Muna.
  3822 | D:4      | Found a staircase to the Ecumenical Temple.
  4057 | D:4      | Noticed Pikel
  4260 | D:4      | Slain by Pikel

Illustrated notes

Levels and vault maps discovered:
D:1:      dpeg_arrival_snail, layout_basic
D:2:      layout_loops_cross, basic_altar, uniq_jessica, uniq_sigmund
D:3:      layout_loops_ring, chequers_temple_overflow_statue_of_worship,
          shapermc_ecumenical_altar_mp_vishouse, minmay_misc_feat_tower,
          grunt_ministairs_13, uniq_crazy_yiuf_cottage
D:4:      layout_basic, minmay_temple_entry_statues_fountains, serial_shops,
          shop, serial_demonic, serial_demonic_g, serial_demonic_b,
          serial_demonic_e, serial_demonic_g, grunt_ministairs_9,
          grunt_decor_cap, uniq_pikel

Skill      XL: |  1  2  3  4  5  6 |
---------------+-------------------+-----
Earth Magic    | 3 4 |  4.9
Conjurations   | 1 2 3 4 |  4.4
Spellcasting   | 3 |  3.5
Dodging        | |  1.7
Stealth        | |  1.7
Transmutations | |  0.8

Action                     |  1- 3 |  4- 6 || total
---------------------------+-------+-------++-------
  Melee: Unarmed           |     6 |       ||     6
   Cast: Sandblast         |    59 |    87 ||   146
         Stone Arrow       |       |     3 ||     3
    Use: Potion            |     1 |       ||     1
 Armour: Robe              |     5 |     7 ||    12
  Dodge: Dodged            |    19 |    20 ||    39

Table legend: (Time is in decaauts)
 A = Elapsed time spent in this place.
 B = Non-inter-level travel time spent in this place.
 C = Inter-level travel time spent in this place.
 D = Time resting spent in this place.
 E = Time spent auto-exploring this place.
 F = Levels seen in this place.
 G = Mean time per level.
                   A        B        C        D        E       F      G
               +--------+--------+--------+--------+--------+-----+--------+
         Total |   4336 |   3914 |    422 |      0 |   3170 |   4 | 1084.0 |
       Dungeon |   4336 |   3914 |    422 |      0 |   3170 |   4 | 1084.0 |
               +--------+--------+--------+--------+--------+-----+--------+

Top non-repeatable levels by time:
     D:3: 1701 daAuts
     D:2: 1480 daAuts
     D:1: 878 daAuts
     D:4: 276 daAuts
